 Dungeon Crawl Stone Soup version 0.22-a0-800-g058c00f (webtiles) character file.

935 royokou the Conjurer (level 8, -16/67 HPs)
             Began as an Ogre Fire Elementalist on July 22, 2018.
             Demolished by a two-headed ogre
             ... wielding a +0 giant spiked club
              (21 damage)
             ... on level 5 of the Dungeon.
             The game lasted 00:17:58 (7072 turns).

royokou the Conjurer (Ogre Fire Elementalist)       Turns: 7072, Time: 00:17:58

Health: -16/67     AC:  4    Str: 13    XL:     8   Next: 11%
Magic:  1/14       EV: 10    Int: 18    God:
Gold:   206        SH:  0    Dex:  9    Spells: 2/15 levels left

rFire    . . .     SeeInvis .   o - +0 giant spiked club
rCold    . . .     Gourm    .   (shield currently unavailable)
rNeg     . . .     Faith    .   a - +1 robe
rPois    .         Spirit   .   (helmet restricted)
rElec    .         Reflect  .   (no cloak)
rCorr    .         Harm     .   (gloves unavailable)
MR       .....                  (boots unavailable)
Stlth    +.........             (no amulet)
HPRegen  0.21/turn              (no ring)
MPRegen  0.14/turn              (no ring)

@: no status effects
A: large, unfitting armour, tough skin 1
a: no special abilities


You were on level 5 of the Dungeon.
You were not hungry.

You visited 1 branch of the dungeon, and saw 5 of its levels.
You also visited: Ossuary.

You collected 206 gold pieces.

Inventory:

Hand Weapons
 m - a +1 spear
 o - a +0 giant spiked club (weapon)
Armour
 a - a +1 robe (worn)
Jewellery
 f - an uncursed ring of ice
Scrolls
 d - 2 scrolls of remove curse
 g - a scroll of amnesia
 h - 5 scrolls of teleportation
 j - 4 scrolls of identify
 k - 5 scrolls of enchant armour
 l - a scroll of blinking {unknown}
 n - 2 scrolls of fog
 r - a scroll of fear {unknown}
Potions
 b - 2 potions of mutation
 e - a potion of flight {unknown}
 i - a potion of agility
 p - 2 potions of brilliance {unknown}
 q - a potion of heal wounds {unknown}
 s - 2 potions of might {unknown}
 t - 2 potions of curing {unknown}
 u - a potion of ambrosia {unknown}
 v - a potion of haste {unknown}
Comestibles
 c - 7 rations


   Skills:
 - Level 1.7 Dodging
 - Level 1.4 Stealth
 - Level 4.2 Spellcasting
 * Level 6.3 Conjurations
 + Level 5.1 Fire Magic


You had 2 spell levels left.
You knew the following spells:

 Your Spells              Type           Power        Failure   Level  Hunger
a - Flame Tongue          Conj/Fire      ###..        1%          1    None
b - Conjure Flame         Conj/Fire      ###.....     4%          3    ###....
c - Sticky Flame          Conj/Fire      ###.....     14%         4    ####...
d - Fireball              Conj/Fire      ###.......   36%         5    ######.

Your spell library contained the following spells:

 Spells                   Type           Power        Failure   Level  Hunger
 Throw Flame              Conj/Fire      ###...       1%          2    ##.....
 Inner Flame              Hex/Fire       ##......     16%         3    ###....


Dungeon Overview and Level Annotations

Branches:
Dungeon (5/15)
 Temple: D:4-7

Altars:
Ashenzari
Cheibriados
Dithmenos
Fedhas
Gozag
Ru
Trog
Zin
The Shining One


Innate Abilities, Weirdness & Mutations

You are too large for most types of armour.
You have tough skin. (AC +1)


Message History

Confirm with . or Enter, or press ? or * to list all spells.
Aiming: Flame Tongue (safe; 1% risk of failure)
Press: ? - help, Shift-Dir - straight line, f - two-headed ogre
Aim: a two-headed ogre, wielding two giant spiked clubs (moderately wounded)
The flame tongue hits the two-headed ogre.
The two-headed ogre is moderately wounded.
Casting: Flame Tongue (safe; 1% risk of failure)
Confirm with . or Enter, or press ? or * to list all spells.
Aiming: Flame Tongue (safe; 1% risk of failure)
Press: ? - help, Shift-Dir - straight line, f/p - two-headed ogre
Aim: a two-headed ogre, wielding two giant spiked clubs (moderately wounded)
The flame tongue hits the two-headed ogre.
The two-headed ogre is moderately wounded.
You barely miss the two-headed ogre.
The two-headed ogre is moderately wounded.
The two-headed ogre is engulfed in blazing flames.
The two-headed ogre hits you with a giant spiked club!!
* * * LOW HITPOINT WARNING * * *
The two-headed ogre hits you with a giant spiked club!!
You die...

#....#
#.....#....#.....#
#.....#....#.....#
######
#.....#....#.....#
.....#
#.....#....#.....#
.....#
#....!#...###....#
.....#
#....##...###....#
....(#
#....#...........#
.....#
#...@O...........#
<....#####
#....#####'##....#
+####....#
#......#...##....#
....#....#
#...>..#...##.)..#
....#....#
#......#....+....#
....#....#
#......#....#....#
....##'###
#......###.####..#
....##...#
###+#... #.####..#
....##...#
#....#...#...#


You could see a two-headed ogre.

Vanquished Creatures
  2 ogres (D:5)
  A centaur (D:5)
  A bullfrog (D:5)
  A jelly (D:5)
  A crimson imp (D:5)
  A bullfrog skeleton (D:5)
  Natasha (twice) (D:3)
  An iguana (D:5)
  An orc wizard (D:2)
  4 worker ants
  3 mummies (Ossuary)
  7 gnolls
  9 adders
  2 oozes
  5 adder zombies (Ossuary)
  An adder skeleton (D:4)
  7 worms
  2 dart slugs
  3 leopard geckos
  7 orcs
  3 ball pythons
  2 bats
  5 giant cockroaches
  5 hobgoblins
  7 jackals
  A quokka (D:2)
  2 frilled lizards (D:1)
  3 goblins
  3 goblin zombies (Ossuary)
  2 hobgoblin zombies (Ossuary)
  A jackal zombie (D:5)
  5 kobolds
  A kobold zombie (Ossuary)
  3 quokka zombies (Ossuary)
  4 rats
  4 rat zombies (Ossuary)
112 creatures vanquished.

Notes
Turn   | Place    | Note
-------+----------+-------------------------------------------
     0 | D:1      | royokou the Ogre Fire Elementalist began the quest for the Orb.
     0 | D:1      | Reached XP level 1. HP: 16/16 MP: 3/3
    60 | D:1      | Reached skill level 1 in Conjurations
   218 | D:1      | Reached XP level 2. HP: 9/24 MP: 1/5
  1352 | D:2      | Reached skill level 2 in Conjurations
  1352 | D:2      | Reached XP level 3. HP: 16/31 MP: 0/7
  1500 | D:2      | Learned a level 3 spell: Conjure Flame
  1781 | D:2      | Found a shattered altar of Ashenzari.
  2019 | D:2      | Reached XP level 4. HP: 39/39 MP: 3/8
  2083 | D:2      | Learned a level 4 spell: Sticky Flame
  2395 | D:2      | Reached skill level 3 in Conjurations
  2595 | D:2      | Reached XP level 5. HP: 22/45 MP: 6/10
  2607 | D:2      | HP: 2/45 [orc/hand axe (4)]
  3092 | D:2      | Found a sacrificial altar of Ru.
  3406 | D:3      | Found a shadowy altar of Dithmenos.
  3407 | D:3      | Found a glowing silver altar of Zin.
  4001 | D:3      | Noticed Natasha
  4005 | D:3      | Killed Natasha
  4110 | D:3      | Noticed Natasha
  4116 | D:3      | Killed Natasha
  4116 | D:3      | Reached XP level 6. HP: 31/53 MP: 4/11
  4391 | D:4      | Learned a level 5 spell: Fireball
  4425 | D:4      | Found a bloodstained altar of Trog.
  4472 | D:4      | Found a snail-covered altar of Cheibriados.
  4581 | D:4      | Found an opulent altar of Gozag.
  4738 | D:4      | Reached skill level 4 in Conjurations
  4870 | D:4      | Found a blossoming altar of Fedhas.
  5081 | D:5      | Entered Level 5 of the Dungeon
  5399 | D:5      | Reached XP level 7. HP: 47/59 MP: 5/13
  5411 | D:5      | Found a glowing golden altar of the Shining One.
  5411 | D:5      | Found a sand-covered staircase.
  5444 | Ossuary  | Entered an ossuary
  5639 | Ossuary  | Reached skill level 5 in Conjurations
  6630 | D:5      | Reached skill level 6 in Conjurations
  6630 | D:5      | Reached skill level 5 in Fire Magic
  6630 | D:5      | Reached XP level 8. HP: 37/67 MP: 14/14
  7029 | D:5      | Noticed a two-headed ogre
  7072 | D:5      | Demolished by a two-headed ogre

Vault maps used:
D:1:      elethiomel_arrival_maze, st_stairs_9, serial_bayou_lagoon_a
D:2:      evilmike_ruin_ashenzari, kennysheep_crisscross,
          nicolae_ru_path_of_blood
D:3:      overflow_temple_1_default, zin_academy, uniq_natasha
D:4:      bloody_trog, cheibriados_altar_1, lemuel_crystal_altar,
          kennysheep_mini, first_ration
D:5:      lemuel_crystal_altar, enter_ossuary_3
Ossuary:  ossuary_minmay_chase

Skill      XL: |  1  2  3  4  5  6  7 |
---------------+----------------------+-----
Conjurations   | 1 2 3 4 6 |  6.3
Fire Magic     | 3 4 5 |  5.1
Spellcasting   | 3 4 |  4.2
Dodging        | |  1.7
Stealth        | |  1.4

Action                   |  1- 3 |  4- 6 |  7- 9 || total
-------------------------+-------+-------+-------++-------
Melee: Dagger            |    11 |       |       ||    11
       Spear             |    66 |    57 |       ||   123
       Giant spiked club |       |       |    76 ||    76
 Cast: Flame Tongue      |    40 |    97 |    71 ||   208
       Conjure Flame     |     1 |     1 |     1 ||     3
       Sticky Flame      |       |     6 |     8 ||    14
  Use: Scroll            |     1 |    11 |       ||    12
 Stab: Sleeping          |     2 |     1 |       ||     3
  Eat: Chunk             |     3 |    11 |     6 ||    20
       Ration            |       |       |     1 ||     1
Armor: Robe              |    20 |    17 |    39 ||    76
Dodge: Dodged            |    62 |    35 |    67 ||   164

Table legend:
 A = Spawn XP
 B = Non-spawn XP
 C = Spawn XP percentage of total XP
 D = Spawn monster count
 E = Non-spawn monster count
 F = Spawn count percentage of total count
 G = Total turns spent on level
                    A         B        C        D         E        F      G
               +---------+---------+-------+---------+---------+-------+---------
         Total |       0 |    1337 |   0.0 |       0 |     112 |   0.0 |  7072
               +---------+---------+-------+---------+---------+-------+---------
           D:1 |       0 |      32 |   0.0 |       0 |      17 |   0.0 |  1530
           D:2 |       0 |     192 |   0.0 |       0 |      26 |   0.0 |  1481
           D:3 |       0 |     119 |   0.0 |       0 |      16 |   0.0 |  1296
           D:4 |       0 |      78 |   0.0 |       0 |       5 |   0.0 |   774
           D:5 |       0 |     820 |   0.0 |       0 |      27 |   0.0 |  1492
       Ossuary |       0 |      96 |   0.0 |       0 |      21 |   0.0 |   499
               +---------+---------+-------+---------+---------+-------+---------
